Colorado Rockies vs San Jose Sharks
(R1)
Created - Sunday, May 12, 2024 at 08:28
Goals
|
| Colorado Rockies |
0 |
3 |
1 |
4 |
| San Jose Sharks |
0 |
1 |
0 |
1 |
|
Shots
|
| Colorado Rockies |
5 |
15 |
7 |
27 |
| San Jose Sharks |
8 |
16 |
15 |
39 |
|
1st period
No Goal
Penalties :
Simon Benoit (SJS) for Roughing (Minor) at 14:37, Michael Bunting (COL) for Interference (Minor) at 16:49
2nd period
1. Colorado Rockies , Kyle Connor 21 (Ryan O'Reilly 48) at 5:55
2. Colorado Rockies , Kyle Connor 22 (Nikita Kucherov 35, Andrew Peeke 17) at 8:46
3. Colorado Rockies , Vince Dunn 7 (Kevin Hayes 11, Ryan O'Reilly 49) at 10:45
4. San Jose Sharks , Valeri Nichushkin 36 (Rickard Rakell 15) at 18:38
Penalties :
Simon Benoit (SJS) for Hooking (Minor) at 15:36, Tim Stutzle (COL) for Interference (Minor) at 19:47
3rd period
5. Colorado Rockies , Kevin Hayes 12 (Michael Bunting 12, Nick Schmaltz 28) at 9:06
Penalties :
David Pastrnak (COL) for Holding (Minor) at 5:17
Goalie Stats
Andrei Vasilevskiy (COL), 38 saves from 39 shots - (0.974), W, 28-15-3, 60:00 minutes
Ilya Samsonov (SJS), 23 saves from 27 shots - (0.852), L, 26-18-7, 60:00 minutes
Players Stats for Colorado Rockies
Player Name G A P +/- PIM S H SB GA TA FO MP PP MP PK MP
------------------------------------------------------------------------------------
Andrew Peeke 0 1 1 2 0 1 1 3 0 1 0/0 21:48 0:00 2:50
David Pastrnak 0 0 0 -1 2 3 1 0 0 0 0/1 16:24 2:04 0:00
Jakub Vrana 0 0 0 0 0 2 0 0 0 0 0/0 8:42 0:00 0:00
Jesper Bratt 0 0 0 -1 0 2 2 2 0 2 0/0 16:49 1:54 0:50
Kevin Hayes 1 1 2 2 0 2 1 0 1 0 0/0 12:18 0:00 0:00
Kyle Connor 2 0 2 2 0 7 1 0 1 0 0/0 16:54 2:04 0:05
Kyle Palmieri 0 0 0 0 0 1 2 0 1 1 0/0 8:42 0:00 0:00
Martin Fehervary 0 0 0 0 0 0 1 0 0 0 0/0 11:13 0:00 0:00
Michael Bunting 0 1 1 2 2 0 0 1 0 0 0/0 12:17 0:00 0:00
Nick Bonino 0 0 0 0 0 0 1 0 0 0 5/5 13:38 1:54 2:47
Nick Schmaltz 0 1 1 2 0 0 0 0 0 0 4/5 13:07 0:00 0:19
Nikita Kucherov 0 1 1 2 0 4 0 0 3 1 2/3 19:32 2:05 2:51
Nikita Zadorov 0 0 0 0 0 1 1 1 0 1 0/0 14:58 0:00 3:07
Quinn Hughes 0 0 0 1 0 0 1 3 0 2 0/0 25:02 2:05 2:50
Ryan O'Reilly 0 2 2 2 0 3 1 0 0 0 9/24 19:40 1:54 3:10
Tim Stutzle 0 0 0 -1 2 0 3 0 0 0 7/17 18:02 2:04 1:52
Victor Hedman 0 0 0 1 0 0 1 2 0 1 0/0 24:54 1:53 3:07
Vince Dunn 1 0 1 2 0 1 1 1 0 0 0/0 20:00 1:53 0:00
Players Stats for San Jose Sharks
Player Name G A P +/- PIM S H SB GA TA FO MP PP MP PK MP
------------------------------------------------------------------------------------
Adam Henrique 0 0 0 -2 0 1 1 0 0 0 6/9 16:44 3:02 1:58
Andreas Athanasiou 0 0 0 -2 0 4 1 0 1 0 1/1 11:24 0:00 0:00
Christian Dvorak 0 0 0 -1 0 2 2 0 1 1 8/13 14:49 0:19 0:00
Christopher Tanev 0 0 0 -1 0 1 1 1 0 0 0/0 20:53 0:41 2:06
Derek Forbort 0 0 0 -1 0 1 2 1 0 0 0/0 22:00 2:42 1:59
Dylan Strome 0 0 0 -1 0 4 0 1 2 2 0/0 17:09 2:55 0:00
Ilya Mikheyev 0 0 0 -1 0 1 1 0 0 0 0/0 9:53 0:00 0:00
Ivan Barbashev 0 0 0 -1 0 2 0 0 0 0 1/3 17:09 2:55 0:00
Joel Edmundson 0 0 0 -2 0 3 2 0 0 1 0/0 17:10 2:34 1:39
Kailer Yamamoto 0 0 0 -2 0 2 2 0 0 0 0/0 11:43 0:19 0:00
Patrik Nemeth 0 0 0 -2 0 0 1 0 0 0 0/0 17:34 0:00 0:20
Rickard Rakell 0 1 1 1 0 1 1 0 1 0 0/0 19:13 2:43 2:00
Ryan Hartman 0 0 0 -1 0 3 1 0 0 0 0/3 10:02 0:00 0:05
Simon Benoit 0 0 0 0 4 0 2 2 1 0 0/0 20:30 3:15 0:00
Simon Nemec 0 0 0 0 0 0 0 0 1 2 0/0 21:16 2:42 1:52
Valeri Nichushkin 1 0 1 1 0 6 6 2 1 0 2/4 19:36 2:43 2:00
Victor Olofsson 0 0 0 -1 0 4 0 1 0 0 0/0 9:53 0:00 0:00
William Karlsson 0 0 0 1 0 4 0 1 1 0 10/22 19:02 2:55 1:53
3 Stars
1 - Andrei Vasilevskiy (COL)
2 - Kyle Connor (COL)
3 - Kevin Hayes (COL)
Power Play
Colorado Rockies - 0 on 2 Attempt(s) - 0.00%
San Jose Sharks - 0 on 3 Attempt(s) - 0.00%
Penalty Kill
Colorado Rockies - 3 on 3 Attempt(s) - 100.00%
- Score 0 goal in Penalty Kill
San Jose Sharks - 2 on 2 Attempt(s) - 100.00%
- Score 0 goal in Penalty Kill
Team Stat
Colorado Rockies - Hits : 18 - Faceoff Wins : 27 - Blocked Shots : 13 - Penalty Minutes : 6
San Jose Sharks - Hits : 23 - Faceoff Wins : 28 - Blocked Shots : 9 - Penalty Minutes : 4
Official
Referees : Kelly Sutherland and Brad Watson
Linesman : Brian Murphy and Derek Amell
Game Notes
Joel Edmundson is injured at 5:42 of 3rd period (Back)
Finance
Level 1 -- Attendance: 4942 (82.37%) -- Ticket Income $479,374
Level 2 -- Attendance: 3922 (78.44%) -- Ticket Income $223,554
Level 3 -- Attendance: 2870 (95.67%) -- Ticket Income $94,710
Level 4 -- Attendance: 5000 (100.00%) -- Ticket Income $110,000
Luxury Box -- Attendance: 1000 (100.00%) -- Ticket Income $193,000
Game was played at the SAP Center at San Jose.
Total Attendance: 17734 (88.67%)
Total Ticket Income: $1,100,638
Other Income: $385,223
Total Income: $1,485,861
Colorado Rockies
5 vs 5 Forward
Center Left Wing Right Wing Time % Phy DF OF
1 Ryan O'Reilly Kyle Connor Nikita Kucherov 30 1 2 2
2 Tim Stutzle Jesper Bratt David Pastrnak 30 1 2 2
3 Nick Schmaltz Michael Bunting Kevin Hayes 25 1 2 2
4 Nick Bonino Jakub Vrana Kyle Palmieri 15 1 2 2
5 vs 5 Defense
Defense Defense Time % Phy DF OF
1 Victor Hedman Quinn Hughes 42 1 2 2
2 Vince Dunn Andrew Peeke 36 1 2 2
3 Martin Fehervary Nikita Zadorov 22 1 2 2
4 Victor Hedman Quinn Hughes 0 1 2 2
PowerPlay Forward
Center Left Wing Right Wing Time % Phy DF OF
1 Tim Stutzle Kyle Connor David Pastrnak 50 1 2 2
2 Ryan O'Reilly Jesper Bratt Nick Bonino 50 1 2 2
PowerPlay Defense
Defense Defense Time % Phy DF OF
1 Nikita Kucherov Quinn Hughes 50 1 2 2
2 Victor Hedman Vince Dunn 50 1 2 2
Penalty Kill 4 Players Forward
Center Wing Time % Phy DF OF
1 Ryan O'Reilly Nikita Kucherov 50 1 2 2
2 Nick Bonino Tim Stutzle 50 1 2 2
Penalty Kill 4 Players Defense
Defense Defense Time % Phy DF OF
1 Quinn Hughes Andrew Peeke 50 1 2 2
2 Victor Hedman Nikita Zadorov 50 1 2 2
Penalty Kill - 3 Players Forward
Forward Time % Phy DF OF
1 Ryan O'Reilly 50 1 2 2
2 Nick Bonino 50 1 2 2
Penalty Kill - 3 Players Defense
Defense Defense Time % Phy DF OF
1 Andrew Peeke Victor Hedman 50 1 2 2
2 Quinn Hughes Nikita Zadorov 50 1 2 2
4 vs 4 Forward
Center Wing Time % Phy DF OF
1 Tim Stutzle Nikita Kucherov 50 1 2 2
2 Ryan O'Reilly David Pastrnak 50 1 2 2
4 vs 4 Defense
Defense Defense Time % Phy DF OF
1 Victor Hedman Quinn Hughes 50 1 2 2
2 Nikita Zadorov Andrew Peeke 50 1 2 2
Last Minutes Offensive
Center Left Wing Right Wing Defense Defense
Ryan O'Reilly Kyle Connor Nikita Kucherov Victor Hedman Quinn Hughes
Last Minutes Defensive
Center Left Wing Right Wing Defense Defense
Ryan O'Reilly Kyle Connor Nikita Kucherov Victor Hedman Quinn Hughes
Goaltenders
Starting : Andrei Vasilevskiy
Backup : Joey Daccord
Extra Forwards
Normal : Michael Bunting, Ryan O'Reilly, Nikita Kucherov - PP : Michael Bunting, Ryan O'Reilly - PK : Ryan O'Reilly
Extra Defensemen
Normal : Victor Hedman, Nikita Zadorov, Vince Dunn - PP : Victor Hedman - PK : Nikita Zadorov, Vince Dunn
Penalty Shots
Ryan O'Reilly, Michael Bunting, Nikita Kucherov, Tim Stutzle, Nick Bonino
San Jose Sharks
5 vs 5 Forward
Center Left Wing Right Wing Time % Phy DF OF
1 William Karlsson Valeri Nichushkin Rickard Rakell 30 1 2 2
2 Christian Dvorak Dylan Strome Ivan Barbashev 30 1 2 2
3 Adam Henrique Andreas Athanasiou Kailer Yamamoto 25 1 2 2
4 Ryan Hartman Victor Olofsson Ilya Mikheyev 15 1 2 2
5 vs 5 Defense
Defense Defense Time % Phy DF OF
1 Christopher Tanev Derek Forbort 35 1 2 2
2 Joel Edmundson Patrik Nemeth 35 1 2 2
3 Simon Benoit Simon Nemec 30 1 2 2
4 Christopher Tanev Derek Forbort 0 1 2 2
PowerPlay Forward
Center Left Wing Right Wing Time % Phy DF OF
1 Adam Henrique Valeri Nichushkin Rickard Rakell 50 1 2 2
2 William Karlsson Dylan Strome Ivan Barbashev 50 1 2 2
PowerPlay Defense
Defense Defense Time % Phy DF OF
1 Simon Benoit Joel Edmundson 50 1 2 2
2 Derek Forbort Simon Nemec 50 1 2 2
Penalty Kill 4 Players Forward
Center Wing Time % Phy DF OF
1 Valeri Nichushkin Rickard Rakell 50 1 2 2
2 Adam Henrique William Karlsson 50 1 2 2
Penalty Kill 4 Players Defense
Defense Defense Time % Phy DF OF
1 Derek Forbort Simon Benoit 50 1 2 2
2 Joel Edmundson Christopher Tanev 50 1 2 2
Penalty Kill - 3 Players Forward
Forward Time % Phy DF OF
1 Valeri Nichushkin 50 1 2 2
2 Rickard Rakell 50 1 2 2
Penalty Kill - 3 Players Defense
Defense Defense Time % Phy DF OF
1 Derek Forbort Christopher Tanev 50 1 2 2
2 Simon Benoit Joel Edmundson 50 1 2 2
4 vs 4 Forward
Center Wing Time % Phy DF OF
1 Valeri Nichushkin Rickard Rakell 50 1 2 2
2 Adam Henrique William Karlsson 50 1 2 2
4 vs 4 Defense
Defense Defense Time % Phy DF OF
1 Simon Benoit Simon Nemec 50 1 2 2
2 Derek Forbort Patrik Nemeth 50 1 2 2
Last Minutes Offensive
Center Left Wing Right Wing Defense Defense
Adam Henrique Valeri Nichushkin Rickard Rakell Joel Edmundson Simon Benoit
Last Minutes Defensive
Center Left Wing Right Wing Defense Defense
Adam Henrique Valeri Nichushkin Rickard Rakell Joel Edmundson Simon Benoit
Goaltenders
Starting : Ilya Samsonov
Backup : Logan Thompson
Extra Forwards
Normal : Kailer Yamamoto, Christian Dvorak, Ryan Hartman - PP : Kailer Yamamoto, Christian Dvorak - PK : Ryan Hartman
Extra Defensemen
Normal : Simon Benoit, Simon Nemec, Derek Forbort - PP : Simon Benoit - PK : Simon Nemec, Derek Forbort
Penalty Shots
Valeri Nichushkin, Rickard Rakell, Adam Henrique, William Karlsson, Dylan Strome
% Time on Ice - Colorado Rockies
Lines # - Real PCT - Wanted PCT - Time Play
Normal Forward
1 - 29% - 30% - 14:37
2 - 29% - 30% - 14:28
3 - 25% - 25% - 12:18
4 - 17% - 15% - 8:42
Normal Defense
1 - 40% - 42% - 20:07
2 - 37% - 36% - 18:45
3 - 22% - 22% - 11:13
4 - 0% - 0% - 0:00
PP Forward
1 - 52% - 50% - 2:04
2 - 48% - 50% - 1:54
PP Defense
1 - 53% - 50% - 2:05
2 - 47% - 50% - 1:53
PK Forward
1 - 48% - 50% - 2:51
2 - 52% - 50% - 3:06
PK Defense
1 - 48% - 50% - 2:50
2 - 52% - 50% - 3:07
PK3 Forward
1 - 0% - 50%
2 - 0% - 50%
PK3 Defense
1 - 0% - 50%
2 - 0% - 50%
44 Forward
1 - 0% - 50%
2 - 0% - 50%
44 Defense
1 - 0% - 50%
2 - 0% - 50%
Last Minute Offensive - 0:00
Last Minute Defensive - 0:00
Total
Forward - 60:00
Defense - 60:00
|
% Time on Ice - San Jose Sharks
Lines # - Real PCT - Wanted PCT - Time Play
Normal Forward
1 - 29% - 30% - 14:30
2 - 29% - 30% - 14:18
3 - 23% - 25% - 11:24
4 - 20% - 15% - 9:53
Normal Defense
1 - 34% - 35% - 17:15
2 - 36% - 35% - 17:51
3 - 30% - 30% - 14:51
4 - 0% - 0% - 0:08
PP Forward
1 - 51% - 50% - 3:02
2 - 49% - 50% - 2:55
PP Defense
1 - 55% - 50% - 3:15
2 - 45% - 50% - 2:42
PK Forward
1 - 50% - 50% - 2:00
2 - 50% - 50% - 1:58
PK Defense
1 - 58% - 50% - 2:19
2 - 42% - 50% - 1:39
PK3 Forward
1 - 0% - 50%
2 - 0% - 50%
PK3 Defense
1 - 0% - 50%
2 - 0% - 50%
44 Forward
1 - 0% - 50%
2 - 0% - 50%
44 Defense
1 - 0% - 50%
2 - 0% - 50%
Last Minute Offensive - 0:00
Last Minute Defensive - 0:00
Total
Forward - 60:00
Defense - 60:00
|
Play-by-Play
1st period
0:01 of 1st period - Ryan O'Reilly wins face-off versus William Karlsson in neutral zone.
0:26 of 1st period - Ryan O'Reilly is hit by Derek Forbort and loses puck.
0:53 of 1st period - Derek Forbort is hit by Andrew Peeke.
1:05 of 1st period - Slapshot by Kyle Connor.
1:05 of 1st period - Stopped by Ilya Samsonov with a rebound.
1:07 of 1st period - Snap shot by Ryan O'Reilly.
1:07 of 1st period - Shot Misses the Net.
1:09 of 1st period - Backhand shot by Martin Fehervary.
1:09 of 1st period - Shot Misses the Net.
1:13 of 1st period - Snap shot by Nikita Kucherov.
1:13 of 1st period - Stopped by Ilya Samsonov without a rebound.
1:14 of 1st period - Christian Dvorak wins face-off versus Tim Stutzle in San Jose Sharks zone.
1:21 of 1st period - Patrik Nemeth is hit by Tim Stutzle and loses puck.
1:29 of 1st period - Icing by Joel Edmundson.
1:30 of 1st period - Nick Schmaltz wins face-off versus Christian Dvorak in San Jose Sharks zone.
1:39 of 1st period - Snap shot by Kevin Hayes.
1:39 of 1st period - Shot Blocked by Dylan Strome.
1:47 of 1st period - Wrist shot by Dylan Strome.
1:47 of 1st period - Shot Misses the Net.
1:49 of 1st period - Slapshot by Joel Edmundson.
1:49 of 1st period - Stopped by Andrei Vasilevskiy with a rebound.
2:19 of 1st period - Nick Schmaltz is hit by Joel Edmundson.
2:31 of 1st period - Wrist shot by Ivan Barbashev.
2:31 of 1st period - Stopped by Andrei Vasilevskiy with a rebound.
2:33 of 1st period - Wrist shot by Christian Dvorak.
2:33 of 1st period - Stopped by Andrei Vasilevskiy with a rebound.
2:35 of 1st period - Slapshot by Joel Edmundson.
2:35 of 1st period - Stopped by Andrei Vasilevskiy with a rebound.
3:41 of 1st period - Snap shot by Michael Bunting.
3:41 of 1st period - Shot Misses the Net.
4:39 of 1st period - Snap shot by Dylan Strome.
4:39 of 1st period - Stopped by Andrei Vasilevskiy without a rebound.
4:40 of 1st period - Tim Stutzle wins face-off versus William Karlsson in Colorado Rockies zone.
4:40 of 1st period - Tim Stutzle is hit by Valeri Nichushkin.
4:50 of 1st period - Snap shot by David Pastrnak.
4:50 of 1st period - Shot Blocked by Simon Benoit.
5:28 of 1st period - Wrist shot by Adam Henrique.
5:28 of 1st period - Shot Misses the Net.
5:30 of 1st period - Wrist shot by Derek Forbort.
5:30 of 1st period - Shot Misses the Net.
5:32 of 1st period - Snap shot by Andreas Athanasiou.
5:32 of 1st period - Shot Misses the Net.
5:52 of 1st period - Slapshot by Tim Stutzle.
5:52 of 1st period - Shot Blocked by Derek Forbort.
6:04 of 1st period - Wrist shot by Victor Olofsson.
6:04 of 1st period - Stopped by Andrei Vasilevskiy without a rebound.
6:05 of 1st period - Nick Bonino wins face-off versus Ryan Hartman in Colorado Rockies zone.
6:16 of 1st period - Slapshot by Kyle Palmieri.
6:16 of 1st period - Stopped by Ilya Samsonov with a rebound.
6:53 of 1st period - Martin Fehervary is hit by Simon Benoit and loses puck.
7:10 of 1st period - Wrist shot by Ryan Hartman.
7:10 of 1st period - Stopped by Andrei Vasilevskiy without a rebound.
7:11 of 1st period - William Karlsson wins face-off versus Tim Stutzle in Colorado Rockies zone.
7:12 of 1st period - Snap shot by Valeri Nichushkin.
7:12 of 1st period - Stopped by Andrei Vasilevskiy with a rebound.
8:47 of 1st period - Ilya Mikheyev is hit by David Pastrnak and loses puck.
9:26 of 1st period - Andreas Athanasiou is hit by Kyle Palmieri.
10:45 of 1st period - Tim Stutzle is hit by Rickard Rakell and loses puck.
13:31 of 1st period - Icing by Valeri Nichushkin.
13:32 of 1st period - Nick Bonino wins face-off versus Ivan Barbashev in San Jose Sharks zone.
13:33 of 1st period - Snap shot by Jakub Vrana.
13:33 of 1st period - Stopped by Ilya Samsonov with a rebound.
13:43 of 1st period - Joel Edmundson is hit by Kyle Palmieri and loses puck.
13:56 of 1st period - Vince Dunn is hit by Kailer Yamamoto and loses puck.
14:10 of 1st period - Wrist shot by Ryan O'Reilly.
14:10 of 1st period - Stopped by Ilya Samsonov with a rebound.
14:29 of 1st period - Wrist shot by David Pastrnak.
14:29 of 1st period - Shot Misses the Net.
14:31 of 1st period - Wrist shot by Tim Stutzle.
14:31 of 1st period - Shot Blocked by Valeri Nichushkin.
14:37 of 1st period - Minor Penalty to Simon Benoit for Roughing.
14:38 of 1st period - Valeri Nichushkin wins face-off versus David Pastrnak in San Jose Sharks zone.
15:55 of 1st period - Tim Stutzle is hit by Valeri Nichushkin and loses puck.
16:37 of 1st period - Penalty to Simon Benoit is over, Simon Benoit is back on ice.
16:49 of 1st period - Minor Penalty to Michael Bunting for Interference.
16:50 of 1st period - William Karlsson wins face-off versus Ryan O'Reilly in Colorado Rockies zone.
18:00 of 1st period - Derek Forbort is hit by Ryan O'Reilly and loses puck.
18:41 of 1st period - Andrew Peeke is hit by Kailer Yamamoto and loses puck.
18:49 of 1st period - Penalty to Michael Bunting is over, Michael Bunting is back on ice.
Goals for this period are 0 for Colorado Rockies vs 0 for San Jose Sharks.
Shots for this period are 5 for Colorado Rockies vs 8 for San Jose Sharks.
2nd period
0:01 of 2nd period - William Karlsson wins face-off versus Tim Stutzle in neutral zone.
0:11 of 2nd period - Victor Hedman is hit by Valeri Nichushkin and loses puck.
0:26 of 2nd period - Quinn Hughes is hit by Adam Henrique and loses puck.
0:37 of 2nd period - Snap shot by Adam Henrique.
0:37 of 2nd period - Shot Blocked by Victor Hedman.
0:55 of 2nd period - Quinn Hughes is hit by Christian Dvorak and loses puck.
1:52 of 2nd period - Snap shot by Nikita Kucherov.
1:52 of 2nd period - Shot Misses the Net.
2:41 of 2nd period - Snap shot by Valeri Nichushkin.
2:41 of 2nd period - Shot Misses the Net.
2:55 of 2nd period - Jesper Bratt is hit by Simon Benoit and loses puck.
3:00 of 2nd period - Wrist shot by Andreas Athanasiou.
3:00 of 2nd period - Shot Blocked by Victor Hedman.
3:23 of 2nd period - Snap shot by Victor Olofsson.
3:23 of 2nd period - Shot Misses the Net.
3:25 of 2nd period - Slapshot by Patrik Nemeth.
3:25 of 2nd period - Shot Misses the Net.
4:25 of 2nd period - Slapshot by David Pastrnak.
4:25 of 2nd period - Stopped by Ilya Samsonov without a rebound.
4:26 of 2nd period - Christian Dvorak wins face-off versus Ryan O'Reilly in San Jose Sharks zone.
5:51 of 2nd period - Off-side.
5:52 of 2nd period - Ryan O'Reilly wins face-off versus Christian Dvorak in neutral zone.
5:55 of 2nd period - Wrist shot by Kyle Connor.
5:55 of 2nd period - Goal by Kyle Connor - Colorado Rockies : 1 - San Jose Sharks : 0.
5:56 of 2nd period - Tim Stutzle wins face-off versus William Karlsson in neutral zone.
6:01 of 2nd period - Wrist shot by Rickard Rakell.
6:01 of 2nd period - Shot Blocked by Jesper Bratt.
6:03 of 2nd period - Backhand shot by Valeri Nichushkin.
6:03 of 2nd period - Shot Misses the Net.
6:05 of 2nd period - Snap shot by William Karlsson.
6:05 of 2nd period - Shot Blocked by Jesper Bratt.
6:07 of 2nd period - Slapshot by Joel Edmundson.
6:07 of 2nd period - Deflect By Quinn Hughes.
6:07 of 2nd period - Stopped by Andrei Vasilevskiy without a rebound.
6:08 of 2nd period - Nikita Kucherov wins face-off versus Valeri Nichushkin in Colorado Rockies zone.
6:39 of 2nd period - Wrist shot by David Pastrnak.
6:39 of 2nd period - Stopped by Ilya Samsonov with a rebound.
6:45 of 2nd period - Quinn Hughes is hit by Joel Edmundson and loses puck.
7:24 of 2nd period - Snap shot by Kailer Yamamoto.
7:24 of 2nd period - Stopped by Andrei Vasilevskiy with a rebound.
7:26 of 2nd period - Slapshot by Christopher Tanev.
7:26 of 2nd period - Shot Blocked by Quinn Hughes.
7:28 of 2nd period - Slapshot by Adam Henrique.
7:28 of 2nd period - Stopped by Andrei Vasilevskiy with a rebound.
7:30 of 2nd period - Snap shot by Kailer Yamamoto.
7:30 of 2nd period - Deflect By Adam Henrique.
7:30 of 2nd period - Shot Blocked by Quinn Hughes.
7:30 of 2nd period - Puck is out of play.
7:31 of 2nd period - William Karlsson wins face-off versus Ryan O'Reilly in Colorado Rockies zone.
7:32 of 2nd period - Snap shot by Valeri Nichushkin.
7:32 of 2nd period - Stopped by Andrei Vasilevskiy with a rebound.
7:34 of 2nd period - Snap shot by Valeri Nichushkin.
7:34 of 2nd period - Stopped by Andrei Vasilevskiy without a rebound.
7:35 of 2nd period - William Karlsson wins face-off versus Ryan O'Reilly in Colorado Rockies zone.
7:52 of 2nd period - Slapshot by Nikita Kucherov.
7:52 of 2nd period - Stopped by Ilya Samsonov with a rebound.
8:16 of 2nd period - Snap shot by Kyle Connor.
8:16 of 2nd period - Stopped by Ilya Samsonov with a rebound.
8:34 of 2nd period - Backhand shot by Kyle Connor.
8:34 of 2nd period - Stopped by Ilya Samsonov with a rebound.
8:36 of 2nd period - Snap shot by Andrew Peeke.
8:36 of 2nd period - Shot Misses the Net.
8:38 of 2nd period - Slapshot by Andrew Peeke.
8:38 of 2nd period - Deflect By Ryan Hartman.
8:38 of 2nd period - Stopped by Ilya Samsonov with a rebound.
8:46 of 2nd period - Wrist shot by Kyle Connor.
8:46 of 2nd period - Goal by Kyle Connor - Colorado Rockies : 2 - San Jose Sharks : 0.
8:47 of 2nd period - Tim Stutzle wins face-off versus William Karlsson in neutral zone.
9:27 of 2nd period - Snap shot by David Pastrnak.
9:27 of 2nd period - Shot Hit the Post.
10:43 of 2nd period - Snap shot by Kevin Hayes.
10:43 of 2nd period - Stopped by Ilya Samsonov with a rebound.
10:45 of 2nd period - Wrist shot by Vince Dunn.
10:45 of 2nd period - Goal by Vince Dunn - Colorado Rockies : 3 - San Jose Sharks : 0.
10:46 of 2nd period - Tim Stutzle wins face-off versus William Karlsson in neutral zone.
10:59 of 2nd period - Slapshot by William Karlsson.
10:59 of 2nd period - Stopped by Andrei Vasilevskiy with a rebound.
11:41 of 2nd period - Snap shot by Victor Olofsson.
11:41 of 2nd period - Shot Misses the Net.
12:00 of 2nd period - Snap shot by Kailer Yamamoto.
12:00 of 2nd period - Shot Misses the Net.
12:44 of 2nd period - Snap shot by Christian Dvorak.
12:44 of 2nd period - Deflect By Dylan Strome.
12:44 of 2nd period - Stopped by Andrei Vasilevskiy without a rebound.
12:45 of 2nd period - Christian Dvorak wins face-off versus Ryan O'Reilly in Colorado Rockies zone.
13:12 of 2nd period - Snap shot by David Pastrnak.
13:12 of 2nd period - Shot Blocked by Christopher Tanev.
13:24 of 2nd period - Tim Stutzle is hit by Christopher Tanev and loses puck.
13:41 of 2nd period - Wrist shot by Ilya Mikheyev.
13:41 of 2nd period - Deflect By Jesper Bratt.
13:41 of 2nd period - Shot Misses the Net.
13:41 of 2nd period - Puck is out of play.
13:42 of 2nd period - Ryan O'Reilly wins face-off versus Ryan Hartman in Colorado Rockies zone.
13:49 of 2nd period - Slapshot by Kyle Connor.
13:49 of 2nd period - Stopped by Ilya Samsonov with a rebound.
13:51 of 2nd period - Snap shot by Kyle Connor.
13:51 of 2nd period - Shot Misses the Net.
13:53 of 2nd period - Slapshot by Quinn Hughes.
13:53 of 2nd period - Shot Blocked by Victor Olofsson.
13:55 of 2nd period - Snap shot by Ryan O'Reilly.
13:55 of 2nd period - Stopped by Ilya Samsonov without a rebound.
13:56 of 2nd period - Christian Dvorak wins face-off versus Ryan O'Reilly in San Jose Sharks zone.
14:05 of 2nd period - Quinn Hughes is hit by Patrik Nemeth and loses puck.
14:10 of 2nd period - Slapshot by Dylan Strome.
14:10 of 2nd period - Stopped by Andrei Vasilevskiy without a rebound.
14:11 of 2nd period - William Karlsson wins face-off versus Tim Stutzle in Colorado Rockies zone.
14:16 of 2nd period - Wrist shot by Valeri Nichushkin.
14:16 of 2nd period - Shot Misses the Net.
14:26 of 2nd period - Wrist shot by Valeri Nichushkin.
14:26 of 2nd period - Stopped by Andrei Vasilevskiy with a rebound.
14:28 of 2nd period - Snap shot by Patrik Nemeth.
14:28 of 2nd period - Shot Misses the Net.
14:46 of 2nd period - Snap shot by Andreas Athanasiou.
14:46 of 2nd period - Stopped by Andrei Vasilevskiy without a rebound.
14:47 of 2nd period - Ivan Barbashev wins face-off versus Ryan O'Reilly in Colorado Rockies zone.
15:16 of 2nd period - Slapshot by Kyle Palmieri.
15:16 of 2nd period - Shot Misses the Net.
15:18 of 2nd period - Snap shot by Nick Bonino.
15:18 of 2nd period - Shot Misses the Net.
15:20 of 2nd period - Slapshot by Nikita Zadorov.
15:20 of 2nd period - Stopped by Ilya Samsonov without a rebound.
15:21 of 2nd period - Nick Bonino wins face-off versus William Karlsson in San Jose Sharks zone.
15:36 of 2nd period - Minor Penalty to Simon Benoit for Hooking.
15:37 of 2nd period - Ryan O'Reilly wins face-off versus Adam Henrique in San Jose Sharks zone.
15:40 of 2nd period - Snap shot by Jesper Bratt.
15:40 of 2nd period - Stopped by Ilya Samsonov with a rebound.
17:36 of 2nd period - Penalty to Simon Benoit is over, Simon Benoit is back on ice.
17:46 of 2nd period - Snap shot by Dylan Strome.
17:46 of 2nd period - Deflect By Nick Schmaltz.
17:46 of 2nd period - Shot Misses the Net.
17:46 of 2nd period - Puck is out of play.
17:47 of 2nd period - Christian Dvorak wins face-off versus Nick Schmaltz in Colorado Rockies zone.
17:52 of 2nd period - Snap shot by Ivan Barbashev.
17:52 of 2nd period - Stopped by Andrei Vasilevskiy without a rebound.
17:53 of 2nd period - Nick Schmaltz wins face-off versus Christian Dvorak in Colorado Rockies zone.
18:28 of 2nd period - Wrist shot by Christian Dvorak.
18:28 of 2nd period - Stopped by Andrei Vasilevskiy without a rebound.
18:29 of 2nd period - William Karlsson wins face-off versus Tim Stutzle in Colorado Rockies zone.
18:32 of 2nd period - Slapshot by William Karlsson.
18:32 of 2nd period - Stopped by Andrei Vasilevskiy without a rebound.
18:33 of 2nd period - Tim Stutzle wins face-off versus William Karlsson in Colorado Rockies zone.
18:38 of 2nd period - Slapshot by Valeri Nichushkin.
18:38 of 2nd period - Goal by Valeri Nichushkin - Colorado Rockies : 3 - San Jose Sharks : 1.
18:39 of 2nd period - Valeri Nichushkin wins face-off versus Tim Stutzle in neutral zone.
19:12 of 2nd period - Wrist shot by Kyle Connor.
19:12 of 2nd period - Deflect By Ryan O'Reilly.
19:12 of 2nd period - Stopped by Ilya Samsonov without a rebound.
19:13 of 2nd period - Andreas Athanasiou wins face-off versus Ryan O'Reilly in San Jose Sharks zone.
19:22 of 2nd period - Wrist shot by Andreas Athanasiou.
19:22 of 2nd period - Stopped by Andrei Vasilevskiy without a rebound.
19:23 of 2nd period - Adam Henrique wins face-off versus Ryan O'Reilly in Colorado Rockies zone.
19:24 of 2nd period - Wrist shot by Andreas Athanasiou.
19:24 of 2nd period - Stopped by Andrei Vasilevskiy without a rebound.
19:25 of 2nd period - Tim Stutzle wins face-off versus William Karlsson in Colorado Rockies zone.
19:25 of 2nd period - Tim Stutzle is hit by Valeri Nichushkin.
19:47 of 2nd period - Minor Penalty to Tim Stutzle for Interference.
19:48 of 2nd period - Nikita Kucherov wins face-off versus Adam Henrique in Colorado Rockies zone.
Goals for this period are 3 for Colorado Rockies vs 1 for San Jose Sharks.
Shots for this period are 15 for Colorado Rockies vs 16 for San Jose Sharks.
3rd period
0:01 of 3rd period - Ryan O'Reilly wins face-off versus William Karlsson in neutral zone.
1:47 of 3rd period - Penalty to Tim Stutzle is over, Tim Stutzle is back on ice.
1:47 of 3rd period - Joel Edmundson is hit by Nikita Zadorov and loses puck.
2:06 of 3rd period - Nikita Zadorov is hit by Ilya Mikheyev and loses puck.
2:31 of 3rd period - Andrew Peeke is hit by Ryan Hartman and loses puck.
2:39 of 3rd period - Icing by Vince Dunn.
2:40 of 3rd period - Ryan O'Reilly wins face-off versus Christian Dvorak in Colorado Rockies zone.
3:53 of 3rd period - Andreas Athanasiou is hit by Tim Stutzle and loses puck.
4:20 of 3rd period - Simon Benoit is hit by Martin Fehervary and loses puck.
4:31 of 3rd period - Slapshot by Nikita Kucherov.
4:31 of 3rd period - Stopped by Ilya Samsonov without a rebound.
4:32 of 3rd period - Ryan O'Reilly wins face-off versus William Karlsson in San Jose Sharks zone.
4:33 of 3rd period - Wrist shot by Nikita Kucherov.
4:33 of 3rd period - Stopped by Ilya Samsonov without a rebound.
4:34 of 3rd period - Ryan O'Reilly wins face-off versus Valeri Nichushkin in San Jose Sharks zone.
4:45 of 3rd period - Wrist shot by Ryan O'Reilly.
4:45 of 3rd period - Shot Misses the Net.
4:47 of 3rd period - Wrist shot by Nikita Kucherov.
4:47 of 3rd period - Shot Misses the Net.
4:49 of 3rd period - Slapshot by Kyle Connor.
4:49 of 3rd period - Stopped by Ilya Samsonov with a rebound.
4:51 of 3rd period - Slapshot by Ryan O'Reilly.
4:51 of 3rd period - Shot Misses the Net.
5:05 of 3rd period - Wrist shot by Kailer Yamamoto.
5:05 of 3rd period - Shot Misses the Net.
5:07 of 3rd period - Wrist shot by Adam Henrique.
5:07 of 3rd period - Deflect By Kailer Yamamoto.
5:07 of 3rd period - Stopped by Andrei Vasilevskiy with a rebound.
5:11 of 3rd period - Slapshot by Andreas Athanasiou.
5:11 of 3rd period - Shot Blocked by Andrew Peeke.
5:17 of 3rd period - Minor Penalty to David Pastrnak for Holding.
5:18 of 3rd period - William Karlsson wins face-off versus Ryan O'Reilly in Colorado Rockies zone.
5:23 of 3rd period - Wrist shot by William Karlsson.
5:23 of 3rd period - Stopped by Andrei Vasilevskiy without a rebound.
5:24 of 3rd period - Ryan O'Reilly wins face-off versus William Karlsson in Colorado Rockies zone.
5:27 of 3rd period - Snap shot by William Karlsson.
5:27 of 3rd period - Shot Blocked by Nikita Zadorov.
5:41 of 3rd period - Joel Edmundson is hit by Victor Hedman and loses puck.
5:42 of 3rd period - Joel Edmundson from San Jose Sharks is injured at 5:42 of 3rd period (Back).
5:43 of 3rd period - Adam Henrique wins face-off versus Nikita Kucherov in San Jose Sharks zone.
5:43 of 3rd period - Adam Henrique is hit by Quinn Hughes.
5:49 of 3rd period - Wrist shot by Valeri Nichushkin.
5:49 of 3rd period - Stopped by Andrei Vasilevskiy without a rebound.
5:50 of 3rd period - Adam Henrique wins face-off versus Ryan O'Reilly in Colorado Rockies zone.
5:57 of 3rd period - Wrist shot by Rickard Rakell.
5:57 of 3rd period - Shot Blocked by Quinn Hughes.
6:05 of 3rd period - Snap shot by Valeri Nichushkin.
6:05 of 3rd period - Shot Blocked by Andrew Peeke.
6:07 of 3rd period - Slapshot by Simon Nemec.
6:07 of 3rd period - Shot Misses the Net.
6:09 of 3rd period - Backhand shot by Rickard Rakell.
6:09 of 3rd period - Deflect By Valeri Nichushkin.
6:09 of 3rd period - Shot Misses the Net.
6:09 of 3rd period - Puck is out of play.
6:10 of 3rd period - Nick Bonino wins face-off versus Ivan Barbashev in Colorado Rockies zone.
6:45 of 3rd period - Snap shot by Ryan O'Reilly.
6:45 of 3rd period - Shot Blocked by Simon Benoit.
7:17 of 3rd period - Penalty to David Pastrnak is over, David Pastrnak is back on ice.
7:31 of 3rd period - Snap shot by Ryan Hartman.
7:31 of 3rd period - Stopped by Andrei Vasilevskiy without a rebound.
7:32 of 3rd period - Nick Schmaltz wins face-off versus Ryan Hartman in Colorado Rockies zone.
7:53 of 3rd period - Backhand shot by Ilya Mikheyev.
7:53 of 3rd period - Shot Blocked by Andrew Peeke.
7:57 of 3rd period - Wrist shot by Ryan Hartman.
7:57 of 3rd period - Stopped by Andrei Vasilevskiy with a rebound.
7:59 of 3rd period - Wrist shot by Victor Olofsson.
7:59 of 3rd period - Stopped by Andrei Vasilevskiy with a rebound.
8:01 of 3rd period - Wrist shot by Derek Forbort.
8:01 of 3rd period - Stopped by Andrei Vasilevskiy without a rebound.
8:02 of 3rd period - Christian Dvorak wins face-off versus Ryan O'Reilly in Colorado Rockies zone.
8:03 of 3rd period - Slapshot by Dylan Strome.
8:03 of 3rd period - Stopped by Andrei Vasilevskiy with a rebound.
8:05 of 3rd period - Slapshot by Christopher Tanev.
8:05 of 3rd period - Stopped by Andrei Vasilevskiy without a rebound.
8:06 of 3rd period - Christian Dvorak wins face-off versus Ryan O'Reilly in Colorado Rockies zone.
8:25 of 3rd period - Simon Benoit is hit by Kyle Connor.
8:47 of 3rd period - Quinn Hughes is hit by Valeri Nichushkin and loses puck.
9:00 of 3rd period - Wrist shot by Andreas Athanasiou.
9:00 of 3rd period - Deflect By Kailer Yamamoto.
9:00 of 3rd period - Shot Blocked by Michael Bunting.
9:00 of 3rd period - Puck is out of play.
9:01 of 3rd period - Nick Schmaltz wins face-off versus Adam Henrique in Colorado Rockies zone.
9:06 of 3rd period - Slapshot by Michael Bunting.
9:06 of 3rd period - Deflect By Kevin Hayes.
9:06 of 3rd period - Goal by Kevin Hayes - Colorado Rockies : 4 - San Jose Sharks : 1.
9:07 of 3rd period - Christian Dvorak wins face-off versus Ryan O'Reilly in neutral zone.
9:26 of 3rd period - Ryan O'Reilly is hit by Christian Dvorak and loses puck.
9:57 of 3rd period - Kailer Yamamoto is hit by Kevin Hayes and loses puck.
10:06 of 3rd period - Snap shot by Kevin Hayes.
10:06 of 3rd period - Shot Misses the Net.
10:08 of 3rd period - Slapshot by Nick Schmaltz.
10:08 of 3rd period - Shot Misses the Net.
10:20 of 3rd period - Backhand shot by Jakub Vrana.
10:20 of 3rd period - Stopped by Ilya Samsonov with a rebound.
11:51 of 3rd period - Andreas Athanasiou is hit by Vince Dunn and loses puck.
12:54 of 3rd period - Kyle Connor is hit by Derek Forbort and loses puck.
13:25 of 3rd period - Slapshot by Nick Schmaltz.
13:25 of 3rd period - Shot Misses the Net.
13:39 of 3rd period - Ivan Barbashev is hit by Nick Bonino and loses puck.
14:00 of 3rd period - Tim Stutzle is hit by Valeri Nichushkin and loses puck.
15:35 of 3rd period - Dylan Strome is hit by Jesper Bratt.
15:39 of 3rd period - Slapshot by David Pastrnak.
15:39 of 3rd period - Shot Blocked by Valeri Nichushkin.
15:41 of 3rd period - Snap shot by Jesper Bratt.
15:41 of 3rd period - Stopped by Ilya Samsonov without a rebound.
15:42 of 3rd period - Tim Stutzle wins face-off versus William Karlsson in San Jose Sharks zone.
15:43 of 3rd period - Snap shot by David Pastrnak.
15:43 of 3rd period - Deflect By Tim Stutzle.
15:43 of 3rd period - Shot Misses the Net.
15:43 of 3rd period - Puck is out of play.
15:44 of 3rd period - William Karlsson wins face-off versus Tim Stutzle in San Jose Sharks zone.
15:44 of 3rd period - William Karlsson is hit by Jesper Bratt.
16:02 of 3rd period - Simon Nemec is hit by Tim Stutzle and loses puck.
16:06 of 3rd period - Icing by Simon Benoit.
16:07 of 3rd period - William Karlsson wins face-off versus Ryan O'Reilly in San Jose Sharks zone.
16:14 of 3rd period - Slapshot by William Karlsson.
16:14 of 3rd period - Shot Misses the Net.
16:16 of 3rd period - Slapshot by Simon Benoit.
16:16 of 3rd period - Shot Blocked by Vince Dunn.
16:18 of 3rd period - Slapshot by Simon Benoit.
16:18 of 3rd period - Deflect By William Karlsson.
16:18 of 3rd period - Stopped by Andrei Vasilevskiy with a rebound.
16:30 of 3rd period - Snap shot by Rickard Rakell.
16:30 of 3rd period - Stopped by Andrei Vasilevskiy without a rebound.
16:31 of 3rd period - Adam Henrique wins face-off versus Tim Stutzle in Colorado Rockies zone.
16:32 of 3rd period - Snap shot by Andreas Athanasiou.
16:32 of 3rd period - Stopped by Andrei Vasilevskiy without a rebound.
16:33 of 3rd period - Adam Henrique wins face-off versus Tim Stutzle in Colorado Rockies zone.
16:50 of 3rd period - Wrist shot by David Pastrnak.
16:50 of 3rd period - Stopped by Ilya Samsonov with a rebound.
17:32 of 3rd period - Snap shot by Ryan Hartman.
17:32 of 3rd period - Deflect By Victor Olofsson.
17:32 of 3rd period - Stopped by Andrei Vasilevskiy without a rebound.
17:33 of 3rd period - Adam Henrique wins face-off versus Tim Stutzle in Colorado Rockies zone.
18:49 of 3rd period - David Pastrnak is hit by Andreas Athanasiou and loses puck.
19:04 of 3rd period - Wrist shot by Ryan Hartman.
19:04 of 3rd period - Shot Misses the Net.
19:12 of 3rd period - Wrist shot by Victor Olofsson.
19:12 of 3rd period - Stopped by Andrei Vasilevskiy with a rebound.
19:14 of 3rd period - Snap shot by Ilya Mikheyev.
19:14 of 3rd period - Stopped by Andrei Vasilevskiy with a rebound.
19:24 of 3rd period - Slapshot by Michael Bunting.
19:24 of 3rd period - Shot Blocked by William Karlsson.
19:46 of 3rd period - Off-side.
19:47 of 3rd period - Nick Bonino wins face-off versus Christian Dvorak in neutral zone.
Goals for this period are 1 for Colorado Rockies vs 0 for San Jose Sharks.
Shots for this period are 7 for Colorado Rockies vs 15 for San Jose Sharks.
Back to the Top